 Dungeon Crawl Stone Soup version 0.20-a0-731-gecde0bf (webtiles) character file.

115835 Alarkh the Carver (level 16, 0/129 HPs)
             Began as a Mummy Monk on Feb 22, 2017.
             Was a High Priest of Okawaru.
             Slain by a naga mage
             ... wielding a +0 whip
              (12 damage)
             ... on level 3 of the Snake Pit.
             The game lasted 01:06:11 (32974 turns).

Alarkh the Carver (Mummy Monk)                     Turns: 32974, Time: 01:06:11

Health: 0/129      AC: 22    Str: 15    XL:     16   Next: 19%
Magic:  19/19      EV: 17    Int: 16    God:    Okawaru [*****.]
Gold:   960        SH: 13    Dex: 14    Spells: 15/15 levels left

rFire    . . .     SeeInvis .   a - +3 scimitar (flame)
rCold    . . .     Gourm    .   t - +3 troll leather armour
rNeg     + + +     Faith    +   o - +2 shield
rPois    ∞         Spirit   .   g - +2 hat
rElec    .         Reflect  .   p - +1 cloak
rCorr    .         Harm     .   q - +0 pair of gloves
MR       ++...                  m - +1 pair of boots {run}
Stlth    ++........             M - amulet of faith
Regen    0.8/turn               F - ring of fire
MPRegen  0.2/turn               A - +6 ring of protection

@: about to teleport, slowed, very slow
A: no food or potions, fire vulnerability, cold resistance 1, negative energy
resistance 3, torment resistance, unbreathing, in touch with death 1
a: Heroism, Finesse, Renounce Religion


You were on level 3 of the Snake Pit.
You worshipped Okawaru.
Okawaru was extremely pleased with you.
You were not hungry.

You visited 5 branches of the dungeon, and saw 27 of its levels.
You also visited: Ice Cave.

You collected 2336 gold pieces.
You spent 1376 gold pieces at shops.

Inventory:

Hand Weapons
 a - a +3 scimitar of flaming (weapon)
 b - the +9 long sword of Fixation {venom, +Blink rElec rC++ Str-5}
   (You bought it in a shop on level 2 of the Orcish Mines)

   It poisons the flesh of those it strikes.
   It affects your strength (-5).
   It greatly protects you from cold.
   It insulates you from electricity.
   It lets you blink.
 w - a +2 demon blade of venom
 x - a +3 scimitar of electrocution
Armour
 g - a +2 hat (worn)
 i - a +2 pair of boots of flying
 m - a +1 pair of boots of running (worn)
 o - a +2 shield (worn)
 p - a +1 cloak (worn)
 q - a +0 pair of gloves (worn)
 t - a +3 troll leather armour (worn)
Jewellery
 h - a +3 ring of slaying
 k - an uncursed ring of see invisible
 A - a +6 ring of protection (left hand)
 F - a ring of fire (right hand)
 I - an uncursed ring of teleportation
 M - an amulet of faith (around neck)
Wands
 n - a wand of iceblast (3/15)
 v - a wand of acid (4/15)
 C - a wand of iceblast (7/15)
 O - a wand of disintegration (16/24)
Scrolls
 c - 6 scrolls of recharging
 e - 4 scrolls of identify
 f - 4 scrolls of remove curse
 j - 4 scrolls of teleportation
 l - a scroll of summoning
 s - 6 scrolls of magic mapping
 z - a scroll of blinking
 D - 2 scrolls of fog
Books
 d - a book of Changes

   Spells                             Type                      Level
   a - Beastly Appendage              Transmutation                1
   b - Sticks to Snakes               Transmutation                2
   c - Spider Form                    Transmutation/Poison         3
   d - Ice Form                       Ice/Transmutation            4
   e - Blade Hands                    Transmutation                5
Miscellaneous
 J - a crystal ball of energy


   Skills:
 + Level 12.5 Fighting
 * Level 14.3 Long Blades
 + Level 9.1 Armour
 + Level 10.7 Dodging
 - Level 1.5 Stealth
 + Level 10.3 Shields
 - Level 5.0 Invocations


You had 15 spell levels left.
You didn't know any spells.

Dungeon Overview and Level Annotations

Branches:
Dungeon (15/15)            Temple (1/1) D:6            Lair (6/6) D:11
 Shoals (0/4) Lair:4        Snake (3/4) Lair:3        Slime (0/5) Lair:5
    Orc (2/2) D:11            Elf (0/3) Orc:2        Vaults (0/5) D:13
 Depths (0/5) D:15

Altars:
Ashenzari
Cheibriados
Dithmenos
Elyvilon
Fedhas
Gozag
Hepliaklqana
Kikubaaqudgha
Makhleb
Nemelex Xobeh
Okawaru
Qazlal
Ru
Sif Muna
Trog
Uskayaw
Vehumet
Wu Jian
Xom
Yredelemnul
Zin
The Shining One
Beogh
Jiyva

Shops:
D:4 [   D:12 ([[!*   Orc:2 (}?=   Snake:2 *   Snake:3 (

Annotations:
Lair:2 Urug
Lair:5 1 runed door


Innate Abilities, Weirdness & Mutations

You do not eat or drink.
Your flesh is vulnerable to fire.
You are immune to poison.
Your flesh is cold resistant. (rC+)
You are immune to negative energy. (rN+++)
You are immune to unholy pain and torment.
You can survive without breathing.
You are in touch with the powers of death.


Message History

The naga sharpshooter casts a spell.
The naga sharpshooter magically shoots an arrow.
The arrow hits you!
* * * LOW HITPOINT WARNING * * *
You block the naga warrior's attack. The naga warrior constricts you.
You hit the naga warrior but do no damage.
The naga warrior is almost dead.
You block the naga warrior's attack. The naga warrior constricts you.
You slash the naga warrior! You burn the naga warrior.
You kill the naga warrior!
Okawaru accepts your kill. The naga mage casts a spell at you.
You block the orb of energy.
The naga sharpshooter mumbles some strange words.
The naga sharpshooter magically shoots an arrow.
The arrow hits you!
* * * LOW HITPOINT WARNING * * *
As you read the scroll of teleportation, it crumbles to dust.
You feel strangely unstable. The naga mage hits you with a whip!
You die...

#.........
#.........
#......### #....###
##....# #....##
####....#
#####......##
#@N..N.....#
#######...## #
##### # ##########
####...##.+..
#######.........#⌠.
..................!
########........###
#####.#### #


You could see a naga sharpshooter and a naga mage.

Vanquished Creatures
  The ghost of beholder the Bludgeoner, an adept TrMo of Ru (Snake:3)
  The ghost of fotsohgehT the Impaler, an adept MfGl of Wu Jian (D:15)
  Kirke (D:15)
  Roxanne (D:15)
  A nagaraja (Snake:3)
  Donald (Orc:2)
  A fire giant (D:15)
  An orc warlord (Orc:2)
  Azrael (Snake:1)
  A vault guard (D:13)
  5 hydras
  8 naga warriors
  3 anacondas
  3 catoblepae (Lair:6)
  2 centaur warriors
  A dancing weapon (Orc:2)
  6 two-headed ogres
  5 naga sharpshooters
  2 orc high priests
  A shock serpent (Snake:3)
  16 death yaks
  Nergalle (D:10)
  The ghost of Gorglomux the Transmogrifier, a novice MfTm of Wu Jian (D:6)
  2 unseen horrors
  A naga ritualist (Snake:2)
  A wizard (D:12)
  A wolf spider zombie (D:12)
  A necromancer (IceCv)
  A deep elf mage (D:12)
  Pikel (D:8)
  2 orc knights
  3 orc sorcerers
  2 manticores (Lair:6)
  4 mana vipers
  16 ugly things
  2 salamanders
  2 cyclopes
  Joseph (D:8)
  12 black mambas
  A guardian serpent (Snake:3)
  2 ice statues (IceCv)
  2 naga magi
  A gargoyle (D:11)
  A torpor snail (Lair:5)
  10 spiny frogs
  A freezing wraith (D:15)
  2 rime drakes
  A kobold demonologist (D:13)
  6 ice devils (IceCv)
  9 komodo dragons
  A tengu conjurer (D:15)
  6 trolls
  2 dream sheep (Lair:5)
  11 hippogriffs
  2 hornets
  5 slime creatures
  7 blink frogs
  A meliai zombie (D:12)
  Sigmund (D:5)
  A vampire (D:11)
  A shadow (D:14)
  A spriggan (Lair:3)
  A basilisk (shapeshifter) (D:13)
  4 wyverns
  3 fire elementals (Snake:1)
  40 yaks
  3 fire bats (Lair:2)
  2 hogs (D:15)
  3 vampire mosquitoes (D:15)
  Grum (D:9)
  2 wraiths
  5 basilisks
  2 hungry ghosts
  4 wargs
  19 nagas
  3 soldier ants
  11 water moccasins
  An acid dragon (D:13)
  Duvessa (D:7)
  9 porcupines
  5 hell hounds (Snake:1)
  55 orc warriors
  2 slaves (D:8)
  Purgy (D:3)
  5 sky beasts
  A black bear (D:11)
  3 phantoms
  A necrophage (D:11)
  10 ogres
  4 ice beasts
  4 wolves (D:9)
  15 crocodiles
  25 centaurs
  3 big kobolds
  24 bullfrogs
  Dowan (D:7)
  4 scorpions
  4 killer bees (D:10)
  12 wights
  6 electric eels (Lair:2)
  5 crimson imps
  3 howler monkeys (D:11)
  2 quasits
  4 bullfrog zombies
  6 centaur skeletons
  2 draconian simulacra (IceCv)
  A jelly (D:11)
  7 hounds
  20 orc priests
  2 bullfrog skeletons
  18 orc wizards
  2 iguanas
  Ijyb (D:2)
  11 worker ants
  6 troll simulacra (IceCv)
  2 hound skeletons
  A worker ant zombie (D:11)
  7 gnolls
  13 adders
  A naga simulacrum (IceCv)
  An ogre simulacrum (IceCv)
  6 shadow imps
  12 white imps (Orc:1)
  2 oozes (D:2)
  An adder zombie (D:8)
  4 worms (D:2)
  3 dart slugs
  6 leopard geckos
  115 orcs
  5 giant cockroaches
  11 goblins
  7 hobgoblins
  12 jackals
  17 kobolds
  2 quokkas
  4 ball pythons
  6 bats
  2 frilled lizards
  A quokka skeleton (D:6)
  6 rats
  2 plants
829 creatures vanquished.

Vanquished Creatures (others)
  4 humans (D:15)
  A naga (Snake:3)
  18 fungi
  5 plants
28 creatures vanquished.

Grand Total: 857 creatures vanquished

Notes
Turn   | Place    | Note
-------+----------+-------------------------------------------
     0 | D:1      | Alarkh the Mummy Monk began the quest for the Orb.
     0 | D:1      | Reached XP level 1. HP: 18/18 MP: 1/1
   172 | D:1      | Reached XP level 2. HP: 17/24 MP: 2/2
  1008 | D:2      | Reached skill level 3 in Long Blades
  1008 | D:2      | Reached XP level 3. HP: 23/29 MP: 3/3
  1066 | D:2      | Noticed Ijyb
  1087 | D:2      | Killed Ijyb
  1088 | D:2      | Found an ancient bone altar of Kikubaaqudgha.
  1102 | D:2      | Reached XP level 4. HP: 10/35 MP: 4/4
  1446 | D:2      | Noticed a moth of wrath
  1450 | D:2      | Found a bloodstained altar of Trog.
  1835 | D:2      | Found a faded altar of an unknown god.
  1977 | D:3      | Reached skill level 1 in Shields
  2169 | D:3      | Found a snail-covered altar of Cheibriados.
  2239 | D:3      | Noticed Purgy
  2303 | D:4      | Noticed a phantom
  2325 | D:4      | Killed a phantom
  2325 | D:4      | Reached XP level 5. HP: 14/42 MP: 5/5
  2612 | D:4      | Reached XP level 6. HP: 28/48 MP: 6/6
  2775 | D:4      | Found Ipropan's Armour Shoppe.
  2781 | D:4      | Bought a +1 cloak for 126 gold pieces
  2781 | D:4      | Bought a +0 pair of gloves for 49 gold pieces
  3015 | D:4      | Reached skill level 4 in Long Blades
  3209 | D:5      | Entered Level 5 of the Dungeon
  3238 | D:5      | Found an opulent altar of Gozag.
  3402 | D:5      | Got a silken robe
  3611 | D:5      | Reached XP level 7. HP: 55/55 MP: 7/7
  3829 | D:4      | Identified the +0 robe "Hero's Friend" {+Blink MR+} (You found it on level 5 of the Dungeon)
  3874 | D:5      | Noticed Sigmund
  3906 | D:5      | Killed Sigmund
  4412 | D:3      | Noticed a fire elemental
  4426 | D:3      | Found a stormy altar of Qazlal.
  4427 | D:3      | Noticed a water elemental
  4427 | D:3      | Noticed an air elemental
  4742 | D:3      | Found a snail-covered altar of Cheibriados.
  4787 | D:3      | Killed Purgy
  4787 | D:3      | Reached skill level 5 in Long Blades
  5218 | D:6      | Reached skill level 5 in Fighting
  5565 | D:6      | Reached XP level 8. HP: 55/62 MP: 8/8
  6037 | D:6      | Noticed Gorglomux's ghost (novice MfTm)
  6076 | D:6      | Killed Gorglomux's ghost
  6076 | D:6      | Reached skill level 6 in Long Blades
  6076 | D:6      | Reached skill level 5 in Dodging
  6143 | D:6      | Found a staircase to the Ecumenical Temple.
  6246 | Temple   | Entered the Ecumenical Temple
  6515 | Temple   | Became a worshipper of Warmaster Okawaru
  6515 | Temple   | Reached * piety under Okawaru
  6515 | Temple   | Reached ** piety under Okawaru
  6539 | D:6      | Reached XP level 9. HP: 15/69 MP: 6/9
  7278 | D:7      | Reached skill level 7 in Long Blades
  7694 | D:7      | Noticed Dowan
  7697 | D:7      | Noticed Duvessa
  7723 | D:7      | Killed Duvessa
  7731 | D:7      | Killed Dowan
  8825 | D:8      | Noticed Joseph
  8983 | D:8      | Killed Joseph
  8983 | D:8      | Reached *** piety under Okawaru
  8983 | D:8      | Reached skill level 8 in Long Blades
  8983 | D:8      | Reached skill level 5 in Shields
  9096 | D:8      | Found a snail-covered altar of Cheibriados.
  9164 | D:8      | Reached XP level 10. HP: 52/79 MP: 10/10
  9173 | D:8      | Noticed a two-headed ogre
  9291 | D:8      | Killed a two-headed ogre
  9291 | D:8      | Reached skill level 1 in Armour
  9746 | D:8      | Noticed a two-headed ogre
 10303 | D:7      | a two-headed ogre changed into a slime creature
 10777 | D:8      | Noticed Pikel
 10791 | D:8      | Killed Pikel
 10791 | D:8      | Reached **** piety under Okawaru
 11062 | D:9      | Noticed Grum
 11098 | D:9      | Killed Grum
 11098 | D:9      | Reached skill level 9 in Long Blades
 11348 | D:9      | Noticed a two-headed ogre
 11692 | D:9      | Found a shimmering altar of Xom.
 11693 | D:9      | Found a hazy altar of Hepliaklqana.
 12161 | D:10     | Entered Level 10 of the Dungeon
 12300 | D:10     | Noticed Nergalle
 12388 | D:10     | Killed Nergalle
 12388 | D:10     | Reached XP level 11. HP: 77/86 MP: 9/11
 12448 | D:10     | Got a jade-encrusted leather armour
 12480 | D:9      | Identified the +1 leather armour of the Evening {Str+3} (You found it on level 10 of the Dungeon)
 13146 | D:11     | Noticed an orc knight
 13420 | D:11     | Reached ***** piety under Okawaru
 13543 | D:11     | Killed a two-headed ogre
 13584 | D:11     | Noticed a five-headed hydra
 13628 | D:11     | Killed a five-headed hydra
 13628 | D:11     | Received a gift from Okawaru
 13646 | D:11     | Reached skill level 10 in Long Blades
 14480 | D:11     | Killed an orc knight
 14517 | D:11     | Found a roughly hewn altar of Beogh.
 14517 | D:11     | Found a staircase to the Orcish Mines.
 15033 | D:11     | Found a staircase to the Lair.
 15379 | D:11     | Noticed a white ugly thing
 15397 | D:11     | Killed a white ugly thing
 15601 | D:11     | Reached XP level 12. HP: 91/95 MP: 12/12
 15646 | Lair:1   | Entered Level 1 of the Lair of Beasts
 15684 | Lair:1   | Noticed a five-headed hydra
 15720 | Lair:1   | Killed a one-headed hydra
 15720 | Lair:1   | Reached skill level 1 in Invocations
 15730 | Lair:1   | Received a gift from Okawaru
 17118 | Lair:1   | Reached skill level 5 in Armour
 17156 | Lair:1   | Got a bone rapier
 17157 | Lair:1   | Identified the +6 rapier of the Present {antimagic, rElec rF+} (You found it on level 1 of the Lair of Beasts)
 17858 | Lair:2   | Noticed Urug
 18015 | Lair:2   | Reached skill level 11 in Long Blades
 18120 | Lair:2   | Reached ****** piety under Okawaru
 18772 | Lair:3   | Received a gift from Okawaru
 18925 | Lair:3   | Found a staircase to the Snake Pit.
 19357 | Lair:3   | Noticed a death yak
 19369 | Lair:3   | Killed a death yak
 19373 | Lair:3   | Gained mutation: You are in touch with the powers of death. [Mummy growth]
 19373 | Lair:3   | Reached XP level 13. HP: 103/103 MP: 13/15
 19760 | Lair:4   | Reached skill level 10 in Fighting
 20052 | Lair:4   | Found a staircase to the Shoals.
 20399 | Lair:5   | Found a runed door.
 20399 | Lair:5   | Found a viscous altar of Jiyva.
 20401 | Lair:5   | Noticed an azure jelly
 20402 | Lair:5   | Noticed an azure jelly
 20404 | Lair:5   | Found a staircase to the Slime Pits.
 20726 | Lair:5   | Received a gift from Okawaru
 20740 | Lair:5   | Got a twisted broad axe {god gift}
 20857 | Lair:5   | Identified the +1 broad axe of Resourcefulness {venom, *Drain rF+ Str+4} (Okawaru gifted it to you on level 5 of the Lair of Beasts)
 20913 | Lair:6   | Entered Level 6 of the Lair of Beasts
 21350 | Lair:5   | Received a gift from Okawaru
 21504 | Lair:6   | Reached skill level 12 in Long Blades
 22107 | Lair:6   | Reached skill level 5 in Invocations
 22321 | Lair:6   | Reached XP level 14. HP: 77/111 MP: 14/17
 22866 | Orc:1    | Entered Level 1 of the Orcish Mines
 22866 | Orc:1    | Found a frozen archway.
 22958 | IceCv    | Entered an ice cave
 23581 | Orc:1    | Paralysed by an orc sorcerer for 7 turns
 23896 | Orc:2    | Entered Level 2 of the Orcish Mines
 23896 | Orc:2    | Found a staircase to the Elven Halls.
 24053 | Orc:2    | Noticed Donald
 24346 | Orc:2    | Received a gift from Okawaru
 24792 | Orc:2    | Killed Donald
 24792 | Orc:2    | Received a gift from Okawaru
 24817 | Orc:2    | Noticed an orc warlord
 24840 | Orc:2    | Found Zuuvyigg's Gadget Shoppe.
 24840 | Orc:2    | Found Viel's Magic Scroll Boutique.
 24842 | Orc:2    | Found Daigoq's Jewellery Shop.
 24844 | Orc:2    | Found Ycanis's Weapon Emporium.
 24856 | Orc:2    | Bought the +9 long sword of Fixation {venom, +Blink rElec rC++ Str-5} for 772 gold pieces
 24907 | Orc:2    | Killed an orc warlord
 25440 | D:12     | Found Qigh's Antique Armour Boutique.
 25451 | D:12     | Bought a shiny helmet for 247 gold pieces
 25495 | D:12     | Found Rorphuih's Weapon Shoppe.
 25572 | D:12     | Found Pyjaote's Distillery.
 25650 | D:12     | Found Qegidack's Antique Armour Shop.
 25658 | D:12     | Bought a glowing hat for 182 gold pieces
 25787 | D:12     | Reached skill level 13 in Long Blades
 25928 | D:12     | Found a glowing silver altar of Zin.
 26013 | D:12     | Found Ynuawn's General Store.
 26686 | D:13     | Found a gate to the Vaults.
 26701 | D:13     | Received a gift from Okawaru
 26783 | D:13     | Reached XP level 15. HP: 119/119 MP: 18/18
 26929 | D:14     | Reached skill level 10 in Dodging
 27123 | D:14     | Received a gift from Okawaru
 27811 | D:15     | Entered Level 15 of the Dungeon
 27819 | D:15     | Identified a scroll of acquirement
 27831 | D:15     | Noticed a fire giant
 27841 | D:15     | Found a deep blue altar of Sif Muna.
 27963 | D:15     | Noticed Kirke
 27980 | D:15     | Killed Kirke
 28086 | D:15     | Noticed fotsohgehT's ghost (adept MfGl)
 28511 | D:15     | Killed fotsohgehT's ghost
 28664 | D:15     | Killed a fire giant
 28771 | D:15     | Found a staircase to the Depths.
 28900 | D:15     | Found a glowing golden altar of the Shining One.
 28935 | D:15     | Noticed Roxanne
 29502 | D:15     | Killed Roxanne
 29744 | Snake:1  | Entered Level 1 of the Snake Pit
 29925 | Snake:1  | Noticed Azrael
 29970 | Snake:1  | Received a gift from Okawaru
 29971 | Snake:1  | Got a scorched chain mail {god gift}
 29993 | Snake:1  | Killed Azrael
 30008 | Snake:1  | Identified the +7 chain mail "Elepres" {Str+3 Dex-2 SInv} (Okawaru gifted it to you on level 1 of the Snake Pit)
 30083 | Snake:1  | Reached skill level 10 in Shields
 30398 | Snake:2  | Found Neutixae's General Store.
 31136 | Snake:2  | Reached skill level 14 in Long Blades
 31648 | Snake:3  | Noticed beholder's ghost (adept TrMo)
 31953 | Snake:3  | Reached XP level 16. HP: 114/128 MP: 19/19
 32125 | Snake:3  | Found Xitteloug's Weapon Boutique.
 32167 | Snake:3  | Received a gift from Okawaru
 32185 | Snake:3  | Identified a +1 pair of boots of running (Okawaru gifted it to you on level 3 of the Snake Pit)
 32487 | Snake:3  | Killed beholder's ghost
 32974 | Snake:3  | Slain by a naga mage

Vault maps used:
D:1:      dpeg_arrival_arbitrary_b
D:2:      kiku_gazebo_garden_becter, tgw_trog, chequers_ecumenical_altar_simple,
          uniq_iyjb
D:3:      nicolae_qazlal_style_of_elements, kennysheep_slug_shrine, uniq_purgy
D:4:      cheibrodos_helix_gallery, serial_shops, shop, first_bread
D:5:      lemuel_coloured_pillars_altar, uniq_sigmund
D:6:      minmay_temple_entry_steel_oval, minmay_ogre_servants
D:7:      uniq_duvessa
D:8:      basic_altar, blue_anna_alchemist, uniq_pikel, uniq_joseph
D:9:      regret_index_temple_of_mockery, roderic_whirl, uniq_grum
D:10:     uniq_nergalle
D:11:     grunt_lair_entry_orc_guard_hut, david_orc_5, grunt_ministairs_8
D:12:     serial_shops, shop_statue, nicolae_shop_waterfront, shop_fountains,
          shop_statue, shop, basic_altar, special_room, st_stairs_12,
          minmay_librarian
D:13:     david_vaults_5
D:15:     grunt_enter_depths_giant_problem, old_standard_altar, tso_altar,
          uniq_kirke, uniq_roxanne
Temple:   nicolae_temple_x_marks_the_god
Lair:1:   beast_lair_carwin_large_2, lemuel_fruit_tree, grunt_megastairs_4
Lair:2:   serial_bayou, serial_bayou_crossing, serial_bayou_pond_b,
          serial_bayou_shore_a, serial_bayou_pond_b, serial_bayou_pond_b,
          minivault_19, uniq_urug
Lair:3:   minmay_snake_entry_guardpost_medium, grunt_forest_large_clearing_hut,
          serial_bayou_shore_b
Lair:4:   shoals_dummy_entry
Lair:5:   slime_altar_2, serial_bayou_pond_d
Lair:6:   evilmike_catoblepas_cave, grunt_forest_small_clearing_treed
Snake:1:  uniq_azrael
Snake:2:  serial_shops, shop_fountains
Snake:3:  serial_shops, shop, grunt_megastairs_5
Orc:1:    portal_ice_cave_entry_imps, mines_bat_river
Orc:2:    st_orc_rangers, nicolae_orc_crystal_geode, uniq_donald
IceCv:    ice_cave_tombish

Skill      XL: |  1  2  3  4  5  6  7  8  9 10 11 12 13 14 15 16 |
---------------+-------------------------------------------------+-----
Long Blades    | 3 4 5 6 8 9 10 11 12 13 14 | 14.3
Shields        | 1 2 3 4 5 6 7 8 9 10 | 10.3
Dodging        | 3 4 5 6 7 8 9 10 | 10.7
Fighting       | 4 5 6 7 8 9 10 11 12 | 12.5
Armour         | 2 4 5 6 7 8 9 |  9.1
Invocations    | 3 5 |  5.0
Stealth        | |  1.5

Action                   |  1- 3 |  4- 6 |  7- 9 | 10-12 | 13-15 | 16-18 || total
-------------------------+-------+-------+-------+-------+-------+-------++-------
Melee: Falchion          |   103 |    52 |       |       |       |       ||   155
       Long sword        |       |   162 |   514 |  1357 |    78 |    11 ||  2122
       Scimitar          |       |       |       |    36 |  1369 |   178 ||  1583
       War axe           |       |       |       |    12 |    23 |       ||    35
       Demon blade       |       |       |       |       |   500 |       ||   500
Invok: Heroism           |       |       |     4 |    20 |    26 |     3 ||    53
       Finesse           |       |       |       |       |     9 |     1 ||    10
Evoke: Wand              |       |       |       |    18 |       |       ||    18
  Use: Scroll            |     1 |     5 |     6 |    13 |    24 |     2 ||    51
 Stab: Sleeping          |     2 |     2 |     6 |       |     6 |     1 ||    17
       Petrified         |       |       |       |       |     1 |       ||     1
       Distracted        |       |       |       |       |     1 |       ||     1
Armor: Robe              |     3 |       |    85 |       |       |       ||    88
       Ring mail         |    26 |    68 |    16 |   254 |       |       ||   364
       Leather armour    |       |       |     3 |       |       |       ||     3
       Troll leather arm |       |       |       |   111 |   442 |    27 ||   580
Dodge: Dodged            |    28 |    41 |   162 |   455 |   759 |    64 ||  1509
Block: Large shield      |    57 |   125 |   362 |  1017 |   755 |       ||  2316
       Shield            |       |       |       |       |   532 |    86 ||   618
       Rpst.: Falchion   |     9 |     4 |       |       |       |       ||    13
       Long sword        |       |     8 |    49 |    96 |     7 |     5 ||   165
       Scimitar          |       |       |       |     4 |   115 |     8 ||   127
       Demon blade       |       |       |       |       |    49 |       ||    49
